Map: Whirlwind LE (Void)

Players

NoRegreT - Winner!

  • Race: Zerg Zerg
  • Spawn Location: 11:00

Nathanias

  • Race: Terran Terran
  • League: Grandmaster
  • Spawn Location: 1:00

Event: NationWars IV

VOD

Have the link to the VOD?

Description

Time

  • Played on: Jan. 7, 2017, 11:48 a.m.
  • Length: 11:09
Show
View Real Time Build Order
Export as new Build Order

NoRegreT Zerg - Winner!

Build Orders: Hatch First, Zergling Baneling 

Get SALT Encoding   

  12  0:00  Drone  
  13  0:08  Drone  
  14  0:20  Overlord  
  14  0:38  Drone x3  
  17  0:55  Hatchery  
  17  0:56  Drone  
  17  1:00  Drone  
  18  1:11  Extractor  
  17  1:15  Spawning Pool  
  17  1:18  Drone  
  17  1:21  Drone  
  19  1:32  Drone  
  19  1:43  Overlord  
  19  1:54  Drone  
  20  2:03  Queen  
  22  2:09  Queen  
  22  2:11  Metabolic Boost  
  22  2:12  Drone  
  22  2:14  Zergling x2  
  26  2:15  Zergling x2  
  26  2:20  Drone  
  28  2:27  Drone  
  28  2:29  Overlord  
  29  2:38  Overlord  
  29  2:49  Zergling x4  
  31  2:51  Zergling x2  
  32  3:01  Baneling Nest  
  32  3:02  Zergling x4  
  32  3:09  Zergling x2  
  32  3:11  Zergling x2  
  33  3:15  Zergling x6  
  36  3:20  Zergling x6  
  36  3:21  Zergling x2  
  36  3:25  Zergling x2  
  41  3:32  Overlord  
  41  3:36  Zergling x2  
  42  3:44  Zergling x4  
  44  3:53  Zergling x8  
  44  3:54  Zergling x4  
  48  3:56  Zergling x2  
  46  4:03  Zergling x2  
  46  4:07  Zergling x2  
  46  4:12  Zergling x2  
  46  4:17  Queen  
  46  4:20  Zergling x2  
  49  4:24  Baneling  
  49  4:25  Baneling x9  
  49  4:30  Drone x2  
  51  4:35  Drone  
  52  4:40  Overlord  
  47  4:53  Drone  
  40  5:05  Drone x2  
  40  5:06  Drone x3  
  40  5:09  Drone x2  
  40  5:13  Roach Warren  
  38  5:16  Drone x2  
  38  5:17  Drone x2  
  42  5:26  Lair  
  42  5:27  Zergling x2  
  42  5:28  Zergling x2  
  44  5:29  Zergling x2  
  44  5:33  Zergling x4  
  44  5:35  Zergling x2  
  48  5:40  Zergling x2  
  49  5:43  Extractor, Zergling x2  
  49  5:44  Zergling x4  
  49  5:45  Zergling x2  
  49  5:49  Zergling x2  
  53  5:50  Zergling x4  
  53  5:53  Roach  
  53  5:56  Roach  
  59  6:05  Spore Crawler  
  59  6:06  Roach, Spore Crawler  
  59  6:10  Overlord  
  59  6:18  Roach x2  
  60  6:19  Roach  
  60  6:21  Overlord  
  60  6:25  Overlord  
  59  6:28  Extractor, Roach x2  
  59  6:31  Roach  
  64  6:35  Roach  
  68  6:40  Roach  
  68  6:43  Roach  
  68  6:45  Drone  
  68  6:46  Drone  
  72  6:49  Drone x2  
  72  6:51  Drone  
  75  6:56  Overseer  
  75  6:57  Drone x2  
  73  7:10  Zergling x4  
  72  7:16  Evolution Chamber  
  72  7:17  Roach x2  
  72  7:20  Evolution Chamber  
  72  7:21  Spine Crawler  
  72  7:22  Zergling x2, Spine Crawler  
  72  7:24  Zergling x2  
  72  7:26  Zergling x2  
  72  7:34  Extractor  
  72  7:35  Overlord  
  74  7:37  Roach  
  74  7:41  Overlord  
  76  7:46  Spire  
  76  7:47  Drone x3  
  76  7:53  Drone  
  76  7:54  Drone  
  76  7:57  Drone x2  
  76  8:05  Drone x3  
  73  8:07  Drone x2  
  73  8:11  Drone  
  61  8:24  Zergling x4  
  61  8:25  Roach  
  61  8:28  Roach, Hatchery  
  61  8:31  Roach  
  61  8:33  Roach  
  66  8:58  Mutalisk x6  
  66  9:02  Mutalisk  
  78  9:05  Drone x4  
  84  9:13  Drone  
  84  9:14  Drone  
  86  9:22  Mutalisk  
  86  9:24  Extractor  
  87  9:25  Extractor, Mutalisk, Hatchery  
  87  9:30  Zergling x4  
  89  9:36  Zergling x2  
  89  9:37  Zergling x2  
  91  9:53  Mutalisk x3  
  91  9:54  Overlord  
  95  10:01  Overlord  
  95  10:02  Mutalisk  
  95  10:12  Mutalisk  
  98  10:14  Zergling x4  
  98  10:15  Zergling x10  
  98  10:21  Queen  
  104  10:26  Mutalisk x3  
  112  10:28  Drone  
  112  10:29  Drone  
  112  10:33  Overlord  
  114  10:41  Mutalisk x2  
  118  10:44  Mutalisk  
  118  10:47  Overlord  
  118  10:49  Overlord  
Show
View Real Time Build Order
Export as new Build Order

Nathanias Terran 

Build Orders: Hellion Opening 

Get SALT Encoding   

  12  0:00  SCV  
  13  0:13  SCV  
  14  0:17  Supply Depot  
  14  0:25  SCV  
  15  0:39  SCV  
  15  0:40  Barracks  
  16  0:45  Refinery  
  16  0:51  SCV  
  17  1:03  SCV  
  18  1:15  SCV  
  19  1:26  Marine  
  19  1:27  Orbital Command  
  20  1:44  Command Center  
  20  1:48  Marine  
  21  1:55  SCV  
  22  2:03  Factory  
  22  2:06  Barracks Reactor  
  22  2:10  SCV  
  23  2:16  Refinery  
  23  2:21  Supply Depot  
  23  2:42  SCV  
  24  2:45  Bunker  
  24  2:50  Factory  
  24  2:53  Hellion  
  24  2:54  Hellion, SCV  
  29  3:11  SCV  
  30  3:14  Orbital Command  
  30  3:17  Hellion x2  
  34  3:25  Barracks Tech Lab  
  34  3:29  SCV  
  35  3:38  Hellion x2  
  35  3:39  SCV  
  35  3:41  SCV  
  41  3:52  SCV  
  41  3:53  SCV  
  45  3:55  Hellion  
  45  4:00  Hellion x2  
  42  4:05  SCV  
  40  4:15  Orbital Command, Infernal Pre-Igniter  
  31  4:20  Hellion  
  31  4:24  Hellion  
  35  4:29  Hellion  
  37  4:43  Starport  
  37  4:45  SCV  
  37  4:46  SCV  
  33  5:00  SCV x2  
  18  5:12  SCV x2  
  19  5:16  Supply Depot  
  19  5:24  SCV  
  19  5:28  SCV  
  21  5:36  SCV  
  22  5:44  SCV  
  22  5:48  SCV  
  24  5:53  Hellion x2  
  24  5:56  SCV  
  29  6:00  Orbital Command, SCV  
  30  6:07  Viking  
  32  6:14  Hellion x2  
  36  6:19  SCV  
  36  6:25  SCV  
  38  6:31  Factory Reactor, Orbital Command  
  38  6:32  SCV  
  39  6:36  Stimpack  
  40  6:44  SCV  
  39  6:52  Hellion  
  39  6:53  Hellion  
  43  6:56  SCV  
  43  6:57  SCV  
  46  7:01  Bunker  
  46  7:14  Marauder  
  42  7:17  SCV  
  42  7:20  Cyclone  
  45  7:23  SCV  
  45  7:25  Cyclone  
  45  7:29  SCV  
  43  7:31  Cyclone  
  43  7:35  SCV  
  44  7:41  SCV  
  40  7:47  SCV, Cyclone  
  40  7:53  SCV  
  41  7:59  SCV  
  41  8:09  SCV  
  41  8:12  SCV  
  36  8:13  Supply Depot  
  36  8:31  Starport Tech Lab  
  36  8:32  SCV  
  37  8:34  Cyclone  
  37  8:35  Hellion  
  37  8:40  SCV  
  43  8:41  Hellion  
  45  8:50  SCV  
  46  9:18  Supply Depot  
  46  9:19  Supply Depot  
  46  9:31  Bunker  
  46  9:34  Command Center  
  46  9:39  Viking  
  46  9:41  Marine  
  46  9:42  Marine  
  46  9:43  Supply Depot  
  44  9:47  SCV  
  44  9:51  SCV  
  43  9:55  Engineering Bay  
  43  9:59  SCV  
  43  10:03  Marine x2  
  42  10:17  SCV  
  43  10:23  Supply Depot  
  43  10:25  SCV  
  44  10:31  SCV  
  47  10:41  SCV  
  48  10:43  Marine x2, SCV  
  48  10:47  Missile Turret  
  51  10:54  SCV  
Tags
 
Add a new tag
Caveats
  • Supply blocks, unpowered buildings, or Contaminate may cause inaccurate times.
  • Supply counts are checked every 10 seconds.